 Dungeon Crawl Stone Soup version 0.23.2-40-g277498a001 (webtiles) character file.

Game seed: 1409765742807850597

123 Amplified the Ducker (level 4, -4/37 HPs)
             Began as a Minotaur Conjurer on Oct 2, 2019.
             Slain by an ogre
             ... wielding a +0 giant club
              (24 damage)
             ... on level 4 of the Dungeon.
             The game lasted 00:02:39 (2468 turns).

Amplified the Ducker (Minotaur Conjurer)            Turns: 2468, Time: 00:02:39

Health: -4/37      AC:  6    Str: 11 (14) XL:     4   Next: 79%
Magic:  5/5        EV: 12    Int:  9 (12) God:
Gold:   89         SH:  0    Dex:  9 (10) Spells: 1/5 levels left

rFire    . . .     SeeInvis .   e - +0 short sword
rCold    + . .     Gourm    .   (no shield)
rNeg     . . .     Faith    .   k - +3 leather armour {rC+}
rPois    .         Spirit   .   (helmet restricted)
rElec    .         Reflect  .   (no cloak)
rCorr    .         Harm     .   (no gloves)
MR       .....                  (no boots)
Stlth    +.........             (no amulet)
HPRegen  0.12/turn              (no ring)
MPRegen  0.09/turn              (no ring)

@: no status effects
A: retaliatory headbutt, horns 2
a: no special abilities


You were on level 4 of the Dungeon.
You were not hungry.

You visited 1 branch of the dungeon, and saw 4 of its levels.

You collected 89 gold pieces.

Inventory:

Hand Weapons
 b - a +0 dagger
 e - a +0 short sword (weapon)
Missiles
 h - 19 poisoned needles
Armour
 k - a +3 leather armour of cold resistance (worn)
Scrolls
 f - 3 scrolls of teleportation
 j - a scroll of immolation
Potions
 d - a potion of ambrosia
Comestibles
 c - 4 rations


   Skills:
 * Level 2.5 Fighting
 * Level 2.2 Short Blades
 * Level 2.4 Armour
 * Level 3.3 Dodging
 - Level 1.5 Stealth
 - Level 1.3 Spellcasting
 - Level 2.9 Conjurations


You had one spell level left.
You knew the following spells:

 Your Spells              Type           Power        Failure   Level  Hunger
a - Magic Dart            Conj           #...         14%         1    ##.....
b - Dazzling Spray        Conj/Hex       #.....       58%         3    ####...

Your spell library contained the following spells:

 Spells                   Type           Power        Failure   Level  Hunger
 Searing Ray              Conj           #.....       22%         2    ###....
 Iskenderun's Mystic Bla  Conj           #.......     80%         4    #####..
 Force Lance              Conj/Tloc      #.......     94%         4    #####..
 Fulminant Prism          Conj/Hex       #.........   94%         4    #####..


Dungeon Overview and Level Annotations

Branches:
Dungeon (4/15)
 Temple: D:4-7

Altars:

Annotations:
D:3 1 runed translucent door, Crazy Yiuf


Innate Abilities, Weirdness & Mutations

You reflexively headbutt those who attack you in melee.
You have a pair of horns on your head.


Message History

There are monsters nearby!
The gnoll hits you but does no damage.
The gnoll hits you from afar with a +0 spear.
There is a stone staircase leading up here.
A jackal and an ogre come into view.
The jackal barks!
You hear a bark!
A jackal comes into view. x2
The jackal barks!
Found a club.
Found an escape hatch in the ceiling.
The ogre closely misses you. You furiously retaliate!
You headbutt the ogre.
Found 32 stones.
The jackal barely misses you. The ogre hits you with a +0 giant club!
The jackal bites you but does no damage.
The jackal closely misses you.
Found a ring mail.
The jackal barely misses you.
The jackal bites you but does no damage.
The ogre hits you with a +0 giant club!!
Ouch! That really hurt!
You die...

.### ###.........(
....##...# ......
#......## ......
.#......####......
.......<##........
.........#...)....
..##.##.g......##.
#.#...##O#........
.......@g........
........hhh.##....
#...#<........[...
.# #......##.....
###....# ....
...### ... #...#
... #..##


You could see an ogre, 2 gnolls and 3 jackals.

Vanquished Creatures
  Robin (D:3)
  4 adders
  A dart slug (D:1)
  4 leopard geckos
  An orc (D:3)
  2 ball pythons
  3 giant cockroaches
  13 goblins
  10 hobgoblins
  5 jackals (D:3)
  5 kobolds
  A quokka (D:2)
  4 bats
  2 frilled lizards
  7 rats
63 creatures vanquished.

Notes
Turn   | Place    | Note
-------+----------+-------------------------------------------
     0 | D:1      | Amplified the Minotaur Conjurer began the quest for the
                  | Orb.
     0 | D:1      | Reached XP level 1. HP: 14/14 MP: 1/1
   209 | D:1      | Reached XP level 2. HP: 18/22 MP: 3/3
   424 | D:1      | Reached skill level 1 in Fighting
   562 | D:1      | Reached skill level 1 in Armour
   889 | D:2      | Reached skill level 1 in Short Blades
   916 | D:2      | Reached XP level 3. HP: 21/28 MP: 4/4
  1265 | D:2      | Reached skill level 3 in Dodging
  1580 | D:3      | Reached XP level 4. HP: 22/36 MP: 5/5
  1600 | D:3      | Learned a level 3 spell: Dazzling Spray
  1982 | D:3      | Found a runed translucent door.
  1983 | D:3      | Noticed Crazy Yiuf
  2165 | D:3      | Noticed Robin
  2218 | D:3      | Killed Robin
  2464 | D:4      | Noticed an ogre
  2468 | D:4      | Slain by an ogre

Skill      XL: |  1  2  3  4 |
---------------+-------------+-----
Fighting       | 1 2 |  2.5
Armour         | 1 2 |  2.4
Short Blades   | 1 2 |  2.2
Dodging        | 3 |  3.3
Stealth        | |  1.5
Spellcasting   | |  1.3
Conjurations   | |  2.9

Action                   |  1- 3 |  4- 6 || total
-------------------------+-------+-------++-------
Melee: Dagger            |     7 |       ||     7
       Short sword       |    74 |    75 ||   149
       Unarmed           |     2 |       ||     2
       Headbutt          |     9 |     4 ||    13
  Use: Scroll            |     5 |     3 ||     8
       Potion            |     1 |     2 ||     3
 Stab: Sleeping          |     3 |     2 ||     5
  Eat: Chunk             |     2 |     3 ||     5
Armor: Robe              |    19 |     4 ||    23
       Skin              |       |    51 ||    51
       Leather armour    |       |     8 ||     8
Dodge: Dodged            |    64 |    45 ||   109
